 Dungeon Crawl Stone Soup version 0.29-a0-234-g0dae59b3db (webtiles) character file.

Game seed: 2914782167023017659

204 innerfire433 the Skirmisher (level 5, -1/42 HPs)
             Began as a Demonspawn Monk on Mar 2, 2022.
             Was a Priest of Lugonu.
             Slain by Sigmund
             ... wielding a +0 scythe
              (11 damage)
             ... on level 4 of the Dungeon.
             The game lasted 00:06:10 (3490 turns).

innerfire433 the Skirmisher (Demonspawn Monk)       Turns: 3490, Time: 00:06:10

Health: -1/42      AC: 12    Str: 14    XL:     5   Next: 52%
Magic:  8/8        EV:  7    Int: 11    God:    Lugonu [***...]
Gold:   108        SH:  0    Dex: 15    Spells: 8/8 levels left

rFire   . . .      SeeInvis .   a - +0 hand axe
rCold   . . .      Faith    .   (no shield)
rNeg    . . .      Spirit   .   m - +0 chain mail
rPois   .          Reflect  .   (no helmet)
rElec   .          Harm     .   (no cloak)
rCorr   .          Rampage  .   p - +1 pair of gloves
Will    .....                   (no boots)
Stlth   ..........              (no amulet)
HPRegen 0.14/turn               (no ring)
MPRegen 0.11/turn               (no ring)

@: no status effects
A: slimy green scales 1
a: Renounce Religion, Depart the Abyss, Bend Space, Banish


You were on level 4 of the Dungeon.
You worshipped Lugonu.
Lugonu was most pleased with you.
You visited 1 branch of the dungeon, and saw 4 of its levels.

You collected 108 gold pieces.

Inventory:

Hand Weapons
 a - a +0 hand axe (weapon)
Missiles
 t - 6 poisoned darts (quivered)
Armour
 b - a +0 robe
 m - a +0 chain mail (worn)
 p - a +1 pair of gloves (worn)
Wands
 r - a wand of iceblast (7)
Scrolls
 i - 3 scrolls of identify
 n - a scroll of teleportation
Potions
 c - a potion of berserk rage
 d - 2 potions of cancellation {unknown}
 e - 2 potions of flight {unknown}
 f - a potion of resistance {unknown}
 g - a potion of haste {unknown}
 k - a potion of attraction {unknown}
 q - a potion of curing {unknown}
 s - 2 potions of mutation {unknown}


   Skills:
 + Level 3.9 Fighting
 + Level 3.5 Axes
 * Level 1.6 Armour
 - Level 3.0 Dodging
 - Level 2.3 Stealth
 * Level 2.2 Spellcasting


You had 8 spell levels left.
You didn't know any spells.
Your spell library contained the following spells:

 Spells                   Type           Power      Damage    Failure   Level
 Fireball                 Conj/Fire      0%         3d3       100%        5
 Iskenderun's Battlesphe  Conj           1%         2d6       100%        5
 Conjure Ball Lightning   Conj/Air       0%         3x3d6     100%        6
 Orb of Destruction       Conj           0%         9d5       100%        7


Dungeon Overview and Level Annotations

Branches:
Dungeon (4/15)
 Temple: D:4-7

Altars:
Lugonu

Annotations:
D:4 Sigmund


Innate Abilities, Weirdness & Mutations

You are partially covered in slimy green scales. (AC +2)


Message History

You closely miss the hound. The hound bites you.
The hound bites you but does no damage.
You closely miss the hound. The hound bites you.
You miss the hound. The hound bites you but does no damage.
The hound bites you.
Sigmund hits you from afar with a +0 scythe.
You hit the hound.
The hound is moderately wounded.
The hound bites you but does no damage. x2; Sigmund closely misses you.
You hit the hound.
The hound is heavily wounded.
The hound bites you but does no damage.
You hit the hound.
The hound is almost dead.
The hound barely misses you. Sigmund barely misses you.
The hound bites you but does no damage.
You hit the hound.
The hound is almost dead.
The hound bites you but does no damage.
Sigmund points at you and mumbles some strange words.
The puff of flame hits you. The hound bites you but does no damage.
You hit the hound.
You kill the hound!
Lugonu accepts your kill.
Sigmund casts a spell.
Sigmund flickers and vanishes!
Deactivating autopickup; reactivate with Ctrl-A.
No target in view!
No target in view!
No target in view!
Something hits you.
You barely miss something. Something hits you.
You hit something but do no damage. You hit something. Something hits you.
You hit something. Something hits you!
* * * LOW HITPOINT WARNING * * *
You barely miss something. Something hits you but does no damage.
You hit something. You closely miss something. Something hits you!
You die...

#. # .. ...# #... #.
#..#.#.. #.
###..#... #.##>....
. #### #....#..#.#
#....#.#..#..#.#
.......<..#.†..#
#....#......@{.#
#...................
#....######.####...#
..... #.# ..# #...
#.# . #.. #.# #..
... ##.


There were no monsters in sight!

Vanquished Creatures
  The ghost of indyram44 the Insei, an amateur OpTm (D:3)
  A hound (D:4)
  3 adders
  6 dart slugs
  6 ball pythons
  6 endoplasms
  A giant cockroach (D:1)
  8 goblins
  8 hobgoblins
  7 kobolds
  A quokka (D:2)
  5 bats
  3 frilled lizards
  5 rats
61 creatures vanquished.

Notes
Turn   | Place    | Note
-------+----------+-------------------------------------------
     0 | D:1      | innerfire433 the Demonspawn Monk began the quest for the
                  | Orb.
     0 | D:1      | Reached XP level 1. HP: 18/18 MP: 1/1
   312 | D:1      | Gained mutation: You are partially covered in slimy green
                  | scales. (AC +2) [demonic ancestry]
   312 | D:1      | Reached XP level 2. HP: 24/24 MP: 2/2
  1104 | D:2      | Reached XP level 3. HP: 28/29 MP: 3/3
  1710 | D:2      | Reached skill level 1 in Spellcasting
  1804 | D:2      | Found a faded altar of an unknown god.
  1821 | D:2      | Prayed at the altar of an unknown god.
  1821 | D:2      | Became a worshipper of Lugonu the Unformed
  1821 | D:2      | Reached * piety under Lugonu
  1821 | D:2      | Reached ** piety under Lugonu
  1821 | D:2      | Reached *** piety under Lugonu
  1930 | D:2      | Reached XP level 4. HP: 35/35 MP: 5/5
  2696 | D:3      | Found a runed translucent door.
  2701 | D:3      | Noticed indyram44's ghost (amateur OpTm)
  2810 | D:3      | Killed indyram44's ghost
  2811 | D:3      | Reached skill level 1 in Armour
  2811 | D:3      | Reached XP level 5. HP: 18/42 MP: 6/8
  3473 | D:4      | Noticed Sigmund
  3490 | D:4      | Slain by Sigmund

Illustrated notes

Levels and vault maps discovered:
D:1:      dpeg_arrival_pits, layout_loops_ring, roderic_roman_lattice
D:2:      layout_basic, ebering_ecumenical_altar_sacrificial, dk_noncrumbling_4
D:3:      layout_loops_ring, gammafunk_ghost_grave
D:4:      layout_basic, nicolae_ossuary_entry_giza, uniq_sigmund

Skill      XL: |  1  2  3  4 |
---------------+-------------+-----
Stealth        | 2 |  2.3
Axes           | 3 |  3.5
Dodging        | 3 |  3.0
Spellcasting   | 1 2 |  2.2
Armour         | 1 |  1.6
Fighting       | |  3.9

Action                   |  1- 3 |  4- 6 || total
-------------------------+-------+-------++-------
Melee: Hand axe          |   151 |   106 ||   257
       Punch             |     3 |     1 ||     4
  Use: Scroll            |     1 |     5 ||     6
 Stab: Sleeping          |    10 |     2 ||    12
Armor: Robe              |    36 |     2 ||    38
       Chain mail        |       |    50 ||    50
Dodge: Dodged            |   110 |    40 ||   150

Table legend: (Time is in decaauts)
 A = Elapsed time spent in this place.
 B = Non-inter-level travel time spent in this place.
 C = Inter-level travel time spent in this place.
 D = Time resting spent in this place.
 E = Time spent auto-exploring this place.
 F = Levels seen in this place.
 G = Mean time per level.
                   A        B        C        D        E       F      G
               +--------+--------+--------+--------+--------+-----+--------+
         Total |   3526 |   3507 |     19 |      0 |   2770 |   4 |  881.5 |
       Dungeon |   3526 |   3507 |     19 |      0 |   2770 |   4 |  881.5 |
               +--------+--------+--------+--------+--------+-----+--------+

Top non-repeatable levels by time:
     D:2: 1259 daAuts
     D:3: 1186 daAuts
     D:1: 1057 daAuts
     D:4: 23 daAuts
